 Dungeon Sprint DCSS version 0.30-a0-916-g98134172ad (webtiles) character file.

Game seed: 5836250622807436813

25 AarnesTheHuman the Chopper (level 2, -1/29 HPs)
             Began as a Minotaur Berserker on Mar 20, 2023.
             Was a Follower of Trog.
             Slain by an ogre
             ... wielding a +0 giant spiked club
              (30 damage)
             ... in the Dungeon (Sprint I: "Red Sonja").
             The game lasted 00:00:34 (73 turns).

AarnesTheHuman the Chopper (Minotaur Berserker)       Turns: 73, Time: 00:00:34

Health: -1/29      AC:  5    Str: 21    XL:     2   Next: 82%
Magic:  1/1        EV: 11    Int:  4    God:    Trog [*.....]
Gold:   0          SH:  0    Dex:  9    Spells: 1/1 levels left

rFire   . . .      SeeInvis .    a - +0 hand axe
rCold   . . .      Faith    .    (no shield)
rNeg    . . .      Spirit   .    j - +0 ring mail
rPois   .          Reflect  .    (helmet restricted)
rElec   .          Rampage  .    (no cloak)
rCorr   .          NoTele   +    (no gloves)
Will    .....                    (no boots) Stlth
                                 (no amulet)
HPRegen 0.24/turn                (no ring)
MPRegen 0.07/turn                (no ring)

@: no status effects
A: horns 2, retaliatory headbutt
a: Renounce Religion, Berserk


You were in the Dungeon.
You worshipped Trog.
Trog was aware of your devotion.
You visited 1 branch

Inventory:

Hand Weapons
 a - a +0 hand axe (weapon)
Armour
 b - a +0 animal skin
 j - a +0 ring mail (worn)
Wands
 i - a wand of mindburst (21)
Scrolls
 h - a scroll of blinking
Potions
 c - a potion of curing
 d - a potion of heal wounds
 e - a potion of haste
 f - 2 potions of magic
 g - a potion of berserk rage


   Skills:
 + Level 5.5 Fighting
 + Level 5.8 Axes
 + Level 3.1 Armour
 + Level 3.0 Dodging


You had one spell level left.
You didn't know any spells.
Your spell library was empty.

Dungeon Overview and Level Annotations

Branches:
Dungeon (1/1)

Altars:


Innate Abilities, Weirdness & Mutations

You have a pair of horns on your head.
You reflexively headbutt those who attack you in melee.


Message History

You are exhausted.
You feel yourself slow down.
i - a wand of mindburst (22)
There is an open door, spattered with blood here.
Things that are here:
a +0 dagger; a +0 ring mail; the goblin corpse of Ijyb You start resting.
HP restored.
You start waiting.
You feel yourself speed up.
Okay, then.
You start waiting.
You recover from your berserk rage.
There is an open door, spattered with blood here.
Things that are here:
a +0 dagger; a +0 ring mail; the goblin corpse of Ijyb
j - a +0 ring mail You start removing your armour.
You continue taking off your +0 animal skin. x4
You finish taking off your +0 animal skin.
You start putting on your armour.
You continue putting on your +0 ring mail. x5
You finish putting on your +0 ring mail.
You open the door.
An ogre comes into view. It is wielding a +0 giant spiked club.
Aiming: Mindburst
Press: ? - help, Shift-Dir - straight line, f - ogre
Aim: an ogre, wielding a +0 giant spiked club (chance to affect: 64%)
The ogre's mind is blasted!
You hit the ogre. Your headbutt misses the ogre.
The ogre is heavily wounded.
The ogre barely misses you. You furiously retaliate!
You headbutt the ogre, but do no damage.
You barely miss the ogre.
The ogre is heavily wounded.
You slash the ogre!
The ogre is severely wounded.
The ogre hits you with a +0 giant spiked club!!
Ouch! That really hurt!
You die...

##########
#<.#.@O..#
#..)..#..+
#..#### +#
#..# #..#
#..# #⌠⌠#
####


You could see an ogre.

Vanquished Creatures
  Ijyb (D)
1 creature vanquished.

Notes
Turn   | Place    | Note
-------+----------+-------------------------------------------
     0 | D        | AarnesTheHuman the Minotaur Berserker began the quest for
                  | the Orb.
     0 | D        | Reached XP level 1. HP: 19/19 MP: 0/0
     1 | D        | Noticed Ijyb
     7 | D        | Killed Ijyb
     8 | D        | Reached skill level 5 in Fighting
     8 | D        | Reached skill level 5 in Axes
     8 | D        | Reached XP level 2. HP: 29/29 MP: 1/1
    69 | D        | Noticed an ogre
    73 | D        | Slain by an ogre

Illustrated notes

Levels and vault maps discovered:
D:        dungeon_sprint_1 [red_sonja_temple_1, red_sonja_temple_small_1]

Skill      XL: |  1 |
---------------+----+-----
Fighting       | 5 |  5.5
Axes           | 5 |  5.8
Armour         | 3 |  3.1
Dodging        | 3 |  3.0

Action                     || total
---------------------------++-------
  Melee: Hand axe          ||     8
         Headbutt          ||     2
 Invoke: Berserk           ||     1
  Evoke: Wand              ||     1
  Dodge: Dodged            ||     2

Table legend: (Time is in decaauts)
 A = Elapsed time spent in this place.
 B = Non-inter-level travel time spent in this place.
 C = Inter-level travel time spent in this place.
 D = Time resting spent in this place.
 E = Time spent auto-exploring this place.
 F = Levels seen in this place.
 G = Mean time per level.
                   A        B        C        D        E       F      G
               +--------+--------+--------+--------+--------+-----+--------+
         Total |     85 |     85 |      0 |     57 |      0 |   1 |   85.0 |
       Dungeon |     85 |     85 |      0 |     57 |      0 |   1 |   85.0 |
               +--------+--------+--------+--------+--------+-----+--------+

Top non-repeatable levels by time:
       D: 85 daAuts
